 Dungeon Crawl Stone Soup version 0.28.0-47-ge53b351184 (webtiles) character file.

Game seed: 9551833149150655484

281 Bruhh the Skirmisher (level 6, 0/44 HPs)
             Began as a Gargoyle Fighter on Apr 28, 2022.
             Slain by an adder (3 damage)
             ... on level 2 of the Dungeon.
             The game lasted 00:02:12 (1979 turns).

Bruhh the Skirmisher (Gargoyle Fighter)             Turns: 1979, Time: 00:02:13

Health: 0/44       AC: 11    Str: 22    XL:     6   Next: 27%
Magic:  6/6        EV:  9    Int:  8    God:
Gold:   60         SH:  4    Dex:  9    Spells: 5/5 levels left

rFire   . . .      SeeInvis .   a - +0 flail
rCold   . . .      Faith    .   c - +0 buckler
rNeg    + . .      Spirit   .   b - +0 scale mail
rPois   ∞          Reflect  .   (no helmet)
rElec   +          Harm     .   (no cloak)
rCorr   .          Rampage  .   (no gloves)
Will    .....                   (no boots)
Stlth   ..........              (no amulet)
HPRegen 0.14/turn               (no ring)
MPRegen 0.10/turn               (no ring)

@: mighty
A: sickness immunity, AC +4, negative energy resistance 1, electricity
resistance, torment resistance 1, petrification resistance
a: no special abilities


You were on level 2 of the Dungeon.
You visited 1 branch of the dungeon, and saw 2 of its levels.

You collected 60 gold pieces.

Inventory:

Hand Weapons
 a - a +0 flail (weapon)
Armour
 b - a +0 scale mail (worn)
 c - a +0 buckler (worn)
Jewellery
 f - an amulet of magic regeneration
Scrolls
 e - 2 scrolls of vulnerability {unknown}
 g - a scroll of enchant weapon {unknown}
Potions
 h - a potion of flight {unknown}


   Skills:
 + Level 7.5 Fighting
 - Level 2.0 Maces & Flails
 - Level 3.2 Armour
 - Level 3.2 Shields


You had 5 spell levels left.
You didn't know any spells.
Your spell library contained the following spells:

 Spells                   Type           Power      Damage    Failure   Level
 Beastly Appendage        Tmut           0%         N/A       83%         1
 Wereblood                Tmut           0%         N/A       92%         2
 Spider Form              Tmut/Pois      0%         N/A       99%         3


Dungeon Overview and Level Annotations

Branches:
Dungeon (2/15)

Altars:

Shops:
D:2 *


Innate Abilities, Weirdness & Mutations

You are immune to sickness and miasma.
Your stone body is resilient. (AC +4)
You are immune to poison.
You resist negative energy. (rN+)
You are resistant to electric shocks. (rElec)
You are resistant to unholy torment.
You are immune to petrification.


Message History

Sigmund hits you but does no damage.
You sock Sigmund!
Sigmund is severely wounded.
The adder bites you but does no damage. The adder barely misses you.
The adder bites you but does no damage.
You closely miss Sigmund.
Sigmund is severely wounded.
The adder bites you but does no damage. Sigmund casts a spell at you.
You resist with some effort. The adder barely misses you. x2
Sigmund closely misses you.
You closely miss Sigmund.
Sigmund is severely wounded.
The adder bites you but does no damage. x3; The adder misses you.
Sigmund screams, "I am the angel of ZOT!!!"
Sigmund closely misses you.
You sock Sigmund!
Sigmund is almost dead.
The adder closely misses you. You block the adder's attack.
The adder closely misses you. The adder bites you.
* * * LOW HITPOINT WARNING * * *
You sock Sigmund!
You kill Sigmund!
The adder barely misses you. The adder bites you but does no damage.
The adder bites you.
* * * LOW HITPOINT WARNING * * *
Your Fighting skill increases to level 7!
You have reached level 6!
You sock the adder!
You kill the adder!
The adder barely misses you.
You hit the adder.
The adder is moderately wounded.
The adder barely misses you. The adder closely misses you.
You barely miss the adder.
The adder is moderately wounded.
The adder bites you.
* * * LOW HITPOINT WARNING * * *
The adder bites you.
You die...

#... ##..# .♣..#
.... #..# #..#
#).# #S@# .##
#..##...#
#........
#..##...# #.)#
.## # ##.<# .# (.
##...###.#.#.#
##....(#......<
#................


You could see an adder.

Vanquished Creatures
  Sigmund (D:2)
  An orc priest (D:1)
  Natasha (twice) (D:2)
  A gnoll (D:1)
  An adder (D:2)
  A worm (D:1)
  2 dart slugs (D:2)
  An orc (D:2)
  A ball python (D:1)
  2 endoplasms (D:1)
  A hobgoblin (D:1)
  2 jackals (D:1)
  3 bats (D:1)
  A frilled lizard (D:1)
  3 goblins (D:1)
  2 kobolds (D:2)
25 creatures vanquished.

Notes
Turn   | Place    | Note
-------+----------+-------------------------------------------
     0 | D:1      | Bruhh the Gargoyle Fighter began the quest for the Orb.
     0 | D:1      | Reached XP level 1. HP: 14/14 MP: 1/1
   413 | D:1      | Reached XP level 2. HP: 17/20 MP: 2/2
   472 | D:1      | Reached skill level 4 in Fighting
   978 | D:1      | Found a faded altar of an unknown god.
   982 | D:1      | Reached XP level 3. HP: 24/24 MP: 3/3
  1045 | D:2      | Found Vaujaf Hoemm's General Store.
  1051 | D:2      | Noticed Natasha
  1057 | D:1      | Reached skill level 5 in Fighting
  1113 | D:1      | Reached XP level 4. HP: 3/31 MP: 4/4
  1471 | D:2      | Killed Natasha
  1514 | D:2      | Noticed Natasha
  1956 | D:2      | Killed Natasha
  1957 | D:2      | Reached skill level 6 in Fighting
  1957 | D:2      | Reached XP level 5. HP: 35/36 MP: 5/5
  1962 | D:2      | Noticed Sigmund
  1976 | D:2      | Killed Sigmund
  1977 | D:2      | Reached skill level 7 in Fighting
  1977 | D:2      | Reached XP level 6. HP: 4/44 MP: 6/6
  1979 | D:2      | Slain by an adder

Illustrated notes

Levels and vault maps discovered:
D:1:      erik_arrival_blinker_ship, layout_loops_corners,
          shapermc_ecumenical_altar_pompeii
D:2:      layout_loops_ring, serial_shops, nicolae_shop_advertising_works
          [nicolae_subvault_shop_adworks], nicolae_shop_trees, shop, shop,
          minmay_hexomino_c4, uniq_natasha, uniq_sigmund

Skill      XL: |  1  2  3  4  5 |
---------------+----------------+-----
Fighting       | 4 5 6 7 |  7.5
Maces & Flails | |  2.0
Armour         | |  3.2
Shields        | |  3.2

Action                   |  1- 3 |  4- 6 || total
-------------------------+-------+-------++-------
Melee: Flail             |    56 |    30 ||    86
  Use: Potion            |       |     1 ||     1
Armor: Scale mail        |    24 |    28 ||    52
Dodge: Dodged            |    23 |    28 ||    51
Block: Buckler           |    10 |     5 ||    15
